 Dungeon Crawl Stone Soup version 0.28-a0-851-g8b9cc49659 (webtiles) character file.

Game seed: 3958914146101145171

7851 ytrimaz the Cleaver (level 11, 0/91 HPs)
             Began as a Formicid Fighter on Nov 14, 2021.
             Was an Elder of Wu Jian.
             Succumbed to a killer bee's poison
             ... on level 9 of the Dungeon.
             The game lasted 00:14:55 (10205 turns).

ytrimaz the Cleaver (Formicid Fighter)             Turns: 10205, Time: 00:14:55

Health: 0/91       AC: 16    Str: 27    XL:     11   Next: 44%
Magic:  11/11      EV: 10    Int: 10    God:    Wu Jian [****..]
Gold:   1424       SH:  9    Dex: 10    Spells: 10/10 levels left

rFire   . . .      SeeInvis +   t - +0 battleaxe (flame)
rCold   . . .      Faith    .   c - +0 buckler
rNeg    + . .      Spirit   .   b - +0 scale mail
rPois   +          Reflect  +   (helmet unavailable)
rElec   .          Harm     .   m - +0 cloak
rCorr   +          Rampage  +   g - +1 pair of gloves {Str+3}
Will    .....                   q - +0 pair of boots
Stlth   ..........              o - amulet of Anarchy {Reflect Rampage rPois rN+ Will- SH+5}
HPRegen 0.25/turn               h - ring of resist corrosion
MPRegen 0.12/turn               (no ring)

@: mighty, brilliant, lethally poisoned (0 -> -5), attractive
A: permanent stasis, dig shafts and tunnels, antennae 3, four strong arms,
iridescent scales 1, clever 1, wild magic 1, evolution 1, noise suppression
a: Dig, Shaft Self, Renounce Religion, Wall Jump, Serpent's Lash


You were on level 9 of the Dungeon.
You worshipped Wu Jian.
Wu Jian was greatly pleased with you.
You visited 1 branch of the dungeon, and saw 9 of its levels.

You collected 1424 gold pieces.

Inventory:

Hand Weapons
 a - a +0 war axe
 t - a +0 battleaxe of flaming (weapon)
 u - a +5 hand axe
Missiles
 D - a throwing net
Armour
 b - a +0 scale mail (worn)
 c - a +0 buckler (worn)
 g - a +1 pair of gloves of strength (worn)
 m - a +0 cloak (worn)
 q - a +0 pair of boots (worn)
Jewellery
 h - a ring of resist corrosion (left hand)
 o - the amulet of Anarchy (around neck) {Reflect Rampage rPois rN+ Will- SH+5}
   (You acquired it on level 2 of the Dungeon)

   [amulet of reflection]

   It reflects blocked missile attacks.
   rPois:     It protects you from poison.
   rN:        It protects you from negative energy.
   SH:        It affects your SH (+5).
   Rampage:   It bestows one free step when moving towards enemies.
   Will:      It decreases your willpower.
Wands
 j - a wand of flame (16)
 r - a wand of iceblast (16)
 w - a wand of digging (6)
 x - a wand of acid (22)
Scrolls
 f - 2 scrolls of holy word
 k - 3 scrolls of amnesia
 p - a scroll of enchant armour
 y - a scroll of fog
 z - a scroll of silence
 C - a scroll of vulnerability
Potions
 e - 2 potions of cancellation
 i - a potion of lignification
 s - 2 potions of magic
 v - a potion of mutation
 B - a potion of resistance {unknown}
 E - a potion of flight {unknown}


   Skills:
 * Level 10.2 Fighting
 + Level 12.1 Axes
 * Level 9.9 Armour
 - Level 3.6 Shields


You had 10 spell levels left.
You didn't know any spells.
Your spell library contained the following spells:

 Spells                   Type           Power      Damage    Failure   Level
 Shock                    Conj/Air       0%         1d3       67%         1
 Slow                     Hex            0%         N/A       67%         1
 Summon Small Mammal      Summ           0%         N/A       67%         1
 Static Discharge         Conj/Air       0%         N/A       80%         2
 Call Canine Familiar     Summ           0%         N/A       95%         3
 Confusing Touch          Hex            0%         N/A       95%         3
 Summon Guardian Golem    Hex/Summ       0%         N/A       95%         3
 Vampiric Draining        Necr           0%         2d6       95%         3
 Airstrike                Air            0%         N/A       100%        4
 Dispel Undead            Necr           0%         3d6       100%        4
 Sticky Flame             Conj/Fire      0%         2d3       100%        4
 Swiftness                Air            Unusable   N/A       N/A         3

Dungeon Overview and Level Annotations

Branches:
Dungeon (9/15)             Temple (0/1) D:5
   Lair: D:8-11         Orc: D:9-12

Altars:
Elyvilon
Kikubaaqudgha
Qazlal
Ru
Trog
Vehumet
Wu Jian
Xom
Yredelemnul
The Shining One

Shops:
D:5 *

Annotations:
D:7 2 transporters, ASSMAN's ghost, novice OgGl


Innate Abilities, Weirdness & Mutations

You cannot be hasted, slowed, berserked, paralysed or teleported.
You can dig through walls and to a lower floor.
You have a pair of large antennae on your head. (SInv)
Your four strong arms can wield two-handed weapons with a shield.
You are partially covered in iridescent scales. (AC +2)
Your mind is acute. (Int +2)
Your spells are a little harder to cast, but a little more powerful.
You have hidden genetic potential.
You passively dampen the noise of your surroundings.


Message History

The killer bee stings you but does no damage.
You block the killer bee's attack. The killer bee closely misses you.
There is an open door here.
Unknown command.
You slice the killer bee!! You burn the killer bee.
You kill the killer bee!
The Council accepts your kill.
You slash the killer bee! You burn the killer bee.
You kill the killer bee!
The Council accepts your kill.
You feel sick.
You are no longer poisoned.
The killer bee barely misses you.
You miss the killer bee. You slash the killer bee! You burn the killer bee.
The killer bee stings you.
* * * LOW HITPOINT WARNING * * *
You are poisoned.
The killer bee poisons you!
The killer bee stings you but does no damage.
You block the killer bee's attack.
The killer bee stings you but does no damage.
You closely miss the killer bee.
The killer bee is severely wounded.
You closely miss the killer bee.
* * * LOW HITPOINT WARNING * * *
You feel very sick. The killer bee misses you.
You block the killer bee's attack. The killer bee closely misses you.
The killer bee stings you but does no damage.
Unknown command.
It was a potion of brilliance.
You feel clever all of a sudden.
You feel sick. The killer bee stings you!
* * * LOW HITPOINT WARNING * * *
The killer bee stings you but does no damage.
You block the killer bee's attack.
The killer bee stings you but does no damage.
It was a potion of attraction.
You feel attractive to monsters.
You die...

.... .!... !..†.
yy†††† ###yy..†!
#y{yyy.†. #+#####
#y## ......# #yy#
......# ####@####
......#######.......#
......##....'.......+
......##<####.(.....#
).....#..# #.......#
.)....'.## #.......#
....>.### ###+#####
'###### .#####


You could see 4 killer bees.

Vanquished Creatures
  A two-headed ogre (D:8)
  Pikel (D:6)
  A queen bee (D:9)
  A hornet (D:8)
  A wraith (D:7)
  7 yaks
  Menkaure (D:6)
  Edmund (D:6)
  4 water moccasins
  2 ice beasts (D:5)
  A sky beast (D:6)
  A black bear (D:5)
  3 necrophages
  3 centaurs
  An ogre (D:5)
  2 lemures (D:6)
  3 gnoll sergeants (D:5)
  Blork the orc (D:6)
  7 bullfrogs
  3 scorpions
  A wyvern skeleton (D:6)
  A wyvern zombie (D:7)
  21 killer bees
  5 wights
  A human zombie (D:4)
  4 crimson imps (D:7)
  3 centaur zombies (D:6)
  A jelly (D:8)
  2 orc priests
  5 gnoll shamans (D:5)
  6 hounds (D:5)
  3 iguanas
  5 orc wizards
  2 scorpion zombies (D:4)
  2 killer bee zombies
  A hound zombie (D:4)
  3 hound skeletons
  3 mummies (D:4)
  37 gnolls
  4 adders
  An ufetubus (D:6)
  2 adder zombies (D:4)
  3 worms
  4 dart slugs
  23 orcs
  5 bats
  4 endoplasms
  2 giant cockroaches
  8 goblins
  5 hobgoblins
  10 jackals (D:5)
  7 quokkas
  5 ball pythons
  5 frilled lizards
  A jackal skeleton (D:4)
  7 kobolds
  5 rats
252 creatures vanquished.

Vanquished Creatures (others)
  A butterfly (D:4)
1 creature vanquished.

Grand Total: 253 creatures vanquished

Notes
Turn   | Place    | Note
-------+----------+-------------------------------------------
     0 | D:1      | ytrimaz the Formicid Fighter began the quest for the Orb.
     0 | D:1      | Reached XP level 1. HP: 18/18 MP: 1/1
    52 | D:1      | Reached XP level 2. HP: 20/24 MP: 2/2
   561 | D:1      | Found a faded altar of an unknown god.
   565 | D:1      | Reached XP level 3. HP: 22/29 MP: 3/3
   573 | D:1      | Prayed at the altar of an unknown god.
   573 | D:1      | Became a worshipper of the Wu Jian Council
   573 | D:1      | Reached * piety under Wu Jian
  1036 | D:2      | Reached skill level 3 in Axes
  1042 | D:2      | Reached XP level 4. HP: 24/37 MP: 4/4
  1617 | D:2      | Reached ** piety under Wu Jian
  2039 | D:2      | Identified 3 scrolls of acquirement
  2039 | D:2      | Acquired the amulet of Anarchy {Reflect Rampage rPois rN+
                  | Will- SH+5}
  2048 | D:2      | Acquired 980 gold pieces
  2053 | D:2      | Acquired a +1 pair of gloves of strength
  2088 | D:3      | Reached XP level 5. HP: 42/42 MP: 5/5
  2190 | D:3      | Found a sacrificial altar of Ru.
  2231 | D:3      | Reached skill level 4 in Axes
  2839 | D:4      | Reached XP level 6. HP: 37/48 MP: 6/6
  2912 | D:4      | Noticed a necrophage
  2924 | D:4      | Killed a necrophage
  2925 | D:4      | Reached skill level 5 in Axes
  2990 | D:4      | Found a basalt altar of Yredelemnul.
  3078 | D:4      | Reached XP level 7. HP: 47/55 MP: 7/7
  3132 | D:4      | Reached skill level 6 in Axes
  3585 | D:4      | Found a white marble altar of Elyvilon.
  3678 | D:4      | Reached *** piety under Wu Jian
  3877 | D:5      | Entered Level 5 of the Dungeon
  3924 | D:5      | Reached skill level 5 in Armour
  3924 | D:5      | Reached XP level 8. HP: 45/61 MP: 8/8
  3942 | D:5      | Reached skill level 5 in Fighting
  3944 | D:5      | Reached skill level 7 in Axes
  4447 | D:5      | Identified the +10 spear of the World {freeze, rN+ Will-
                  | Dex+2}
  4606 | D:5      | Reached **** piety under Wu Jian
  4696 | D:5      | Reached skill level 8 in Axes
  4841 | D:5      | Found a staircase to the Ecumenical Temple.
  4856 | D:5      | Reached XP level 9. HP: 68/69 MP: 9/9
  4948 | D:5      | HP: 3/69 [orc priest/divine providence (11)]
  5526 | D:5      | Reached skill level 9 in Axes
  6060 | D:5      | Found Leprot's General Store.
  6275 | D:6      | Noticed Pikel
  6284 | D:6      | Killed Pikel
  6284 | D:6      | Reached skill level 10 in Axes
  6284 | D:6      | Reached XP level 10. HP: 66/80 MP: 10/10
  6370 | D:6      | Noticed Menkaure
  6374 | D:6      | Killed Menkaure
  7166 | D:6      | Noticed Edmund
  7173 | D:6      | Killed Edmund
  7338 | D:6      | Noticed Blork the orc
  7343 | D:6      | Killed Blork the orc
  7636 | D:6      | Gained mutation: Your body sometimes deteriorates upon
                  | taking damage. [potion of mutation]
  7637 | D:6      | Lost mutation: Your body sometimes deteriorates upon taking
                  | damage. [potion of mutation]
  7637 | D:6      | Gained mutation: You are partially covered in iridescent
                  | scales. (AC +2) [potion of mutation]
  7637 | D:6      | Gained mutation: You have hidden genetic potential. [potion
                  | of mutation]
  7637 | D:6      | Gained mutation: You passively dampen the noise of your
                  | surroundings. [potion of mutation]
  7637 | D:6      | Gained mutation: Your spells are a little harder to cast,
                  | but a little more powerful. [potion of mutation]
  7653 | D:7      | Found a radiant altar of Vehumet.
  7654 | D:7      | Reached ***** piety under Wu Jian
  7819 | D:7      | Found an ornate altar of the Wu Jian Council.
  7996 | D:7      | Found a shimmering altar of Xom.
  8021 | D:7      | Reached skill level 11 in Axes
  8038 | D:7      | Found a transporter.
  8047 | D:7      | Noticed ASSMAN's ghost (novice OgGl)
  8067 | D:7      | Found a bloodstained altar of Trog.
  8173 | D:7      | Found a transporter.
  8305 | D:7      | Found a stormy altar of Qazlal.
  8464 | D:7      | Found an ancient bone altar of Kikubaaqudgha.
  8904 | D:8      | Found a glowing golden altar of the Shining One.
  8959 | D:8      | Noticed a two-headed ogre
  8966 | D:8      | Killed a two-headed ogre
  8967 | D:8      | Reached XP level 11. HP: 68/89 MP: 11/11
  9520 | D:8      | Gained mutation: Your mind is acute. (Int +2) [hidden
                  | potential]
 10163 | D:9      | Reached skill level 10 in Fighting
 10169 | D:9      | Reached skill level 12 in Axes
 10204 | D:9      | HP: 1/91 [killer bee (7)]
 10205 | D:9      | Succumbed to a killer bee's poison

Illustrated notes

Levels and vault maps discovered:
D:1:      lightli_arrival_quake, layout_loops_ring,
          ebering_ecumenical_altar_rust
D:2:      kennysheep_big_flooded_room, layout_loops_ring, minmay_box_of_dots
D:3:      wad_river_or_something, layout_rooms, mainiacjoe_overflow_chevrons,
          amcnicky_mini_rare_corridor_liquid
D:4:      layout_rooms, lemuel_mausoleum_altar_yredelemnul,
          nicolae_elyvilon_peaceful_grove
D:5:      layout_cave_pools, minmay_temple_entry_statues_fountains,
          serial_gnoll_camp, gnoll_camp_mini_doghouse, gnoll_camp_mini_basic,
          gnoll_camp_mini_shop, gnoll_camp_huts_basic, gnoll_camp_medium_02,
          gnoll_camp_mini_house
D:6:      layout_basic, minmay_stone_trees_medium, uniq_menkaure,
          uniq_blork_the_orc, uniq_edmund, uniq_pikel
D:7:      layout_loops_ring, lemuel_coloured_pillars_altar, led_xom_imps,
          mainiacjoe_overflow_catwalk_spiral, vehumet_crystals,
          pdpol_wu_jian_five_deadly_venoms, gammafunk_ghost_stat_death,
          chequers_serial_rivers_small_b, minmay_misc_feat_roman
D:8:      layout_basic, mainiacjoe_overflow_small_starburst, st_stairs_5
D:9:      layout_roguey, nemelex_xobeh_ov_fountains_minmay, special_room
          [special_room_bee], serial_bayou_pond_e

Skill      XL: |  1  2  3  4  5  6  7  8  9 10 11 |
---------------+----------------------------------+-----
Axes           | 3 4 5 6 8 10 11 12 | 12.1
Armour         | 4 5 6 7 9 |  9.9
Fighting       | 4 6 7 9 10 | 10.2
Shields        | |  3.6

Action                   |  1- 3 |  4- 6 |  7- 9 | 10-12 || total
-------------------------+-------+-------+-------+-------++-------
Melee: War axe           |    72 |   152 |       |       ||   224
       Unarmed           |       |    13 |       |       ||    13
       Battleaxe         |       |    44 |   226 |   266 ||   536
       Hand axe          |       |       |    19 |       ||    19
Invok: Lunge             |     2 |     1 |       |       ||     3
       Whirlwind         |       |    61 |    27 |    55 ||   143
       Serpent's Lash    |       |       |     1 |     1 ||     2
       Heavenly Storm    |       |       |       |     1 ||     1
 Abil: Dig               |       |       |       |     2 ||     2
  Use: Scroll            |       |     9 |     6 |     4 ||    19
       Potion            |       |       |     1 |     6 ||     7
Armor: Scale mail        |    44 |    70 |   108 |   157 ||   379
Dodge: Dodged            |    41 |    79 |   127 |   146 ||   393
Block: Buckler           |    15 |    81 |   149 |   173 ||   418
       Reflection        |       |       |     8 |       ||     8

Table legend: (Time is in decaauts)
 A = Elapsed time spent in this place.
 B = Non-inter-level travel time spent in this place.
 C = Inter-level travel time spent in this place.
 D = Time resting spent in this place.
 E = Time spent auto-exploring this place.
 F = Levels seen in this place.
 G = Mean time per level.
                   A        B        C        D        E       F      G
               +--------+--------+--------+--------+--------+-----+--------+
         Total |  10380 |  10177 |    203 |   2688 |   5419 |   9 | 1153.3 |
       Dungeon |  10380 |  10177 |    203 |   2688 |   5419 |   9 | 1153.3 |
               +--------+--------+--------+--------+--------+-----+--------+

Top non-repeatable levels by time:
     D:6: 2039 daAuts
     D:5: 1617 daAuts
     D:2: 1326 daAuts
     D:4: 1323 daAuts
     D:7: 1226 daAuts
     D:8: 1210 daAuts
     D:1: 793 daAuts
     D:3: 706 daAuts
     D:9: 136 daAuts
